 Dungeon Crawl Stone Soup version 0.31.0-32-g396128a36d (webtiles) character file.

Game seed: 8136206898759020754

399 Peloso the Covered (level 6, -4/56 HPs)
             Began as a Minotaur Fighter on Mar 26, 2024.
             Incinerated by a bombardier beetle (6 damage)
             ... with a burning spray
             ... on level 4 of the Dungeon.
             The game lasted 00:03:46 (3185 turns).

Peloso the Covered (Minotaur Fighter)               Turns: 3185, Time: 00:03:47

Health: -4/56      AC: 12    Str: 20    XL:     6   Next: 54%
Magic:  5/5        EV:  6    Int:  5    God:
Gold:   133        SH:  5    Dex: 12    Spells: 5/5 levels left

rFire   . . .        a - +0 long sword
rCold   . . .        d - +0 buckler
rNeg    . . .        c - +0 plate armour
rPois   .            (helmet restricted)
rElec   .            (no cloak)
rCorr   .            (no gloves)
SInv    .            (no boots)
Will    .....        (no amulet) Stlth
                     (no ring)
HPRegen 0.29/turn    (no ring)
MPRegen 0.09/turn

%: no passive effects
@: brilliant, on fire, glowing
A: horns 2, retaliatory headbutt
a: no special abilities


You were on level 4 of the Dungeon.
You visited 1 branch of the dungeon, and saw 4 of its levels.

You collected 133 gold pieces.

Inventory:

Hand Weapons
 a - a +0 long sword (weapon)
Armour
 b - a +0 scale mail
 c - a +0 plate armour (worn)
 d - a +0 buckler (worn)
Jewellery
 k - a ring of see invisible
 m - an amulet of faith
Talismans
 j - a blade talisman
Wands
 n - a wand of flame (28)
Scrolls
 e - a scroll of noise {unknown}
 f - a scroll of fog {unknown}
 g - a scroll of vulnerability
 h - a scroll of teleportation
 i - 2 scrolls of identify
 l - a scroll of blinking {unknown}
 p - a scroll of fear {unknown}
Potions
 q - a potion of might


   Skills:
 + Level 5.2 Fighting
 + Level 4.8 Long Blades
 + Level 5.6 Armour
 + Level 1.1 Dodging
 + Level 0.4 Stealth
 + Level 4.9 Shields
 + Level 0.1 Evocations


You had 5 spell levels left.
You didn't know any spells.
Your spell library contained the following spells:

 Spells                   Type           Power      Damage    Failure   Level
 Magic Dart               Conj           0%         1d3       100%        1
 Searing Ray              Conj           0%         2d4       100%        2
 Gell's Gravitas          Tloc           0%         N/A       100%        3
 Teleport Other           Tloc           0%         N/A       100%        3
 Fulminant Prism          Conj/Alch      0%         3d5       100%        4
 Iskenderun's Battlesphe  Conj           0%         2d6       100%        5
 Bombard                  Conj/Erth      0%         9d1       100%        6
 Dispersal                Tloc           0%         N/A       100%        6
 Spellforged Servitor     Conj/Summ      0%         N/A       100%        7


Dungeon Overview and Level Annotations

Branches:
Dungeon (4/15)
 Temple: D:4-7

Altars:
Gozag
Kikubaaqudgha


Innate Abilities, Weirdness & Mutations

You have a pair of horns on your head.
You reflexively headbutt those who attack you in melee.


Message History

The bombardier beetle sprays incendiary fluid at you.
The burning spray hits you.
You are even more covered in liquid fire!
You hit the bombardier beetle but do no damage.
Your headbutt misses the bombardier beetle.
The bombardier beetle is heavily wounded.
The liquid fire burns you!
You barely miss the bombardier beetle.
Your headbutt misses the bombardier beetle.
The bombardier beetle is heavily wounded.
The liquid fire burns you!
* * * LOW HITPOINT WARNING * * *
The bombardier beetle bites you.
* * * LOW HITPOINT WARNING * * *
You hit the bombardier beetle.
The bombardier beetle is severely wounded.
The liquid fire burns you!
* * * LOW HITPOINT WARNING * * *
The bombardier beetle sprays incendiary fluid at you.
The burning spray hits you.
You are even more covered in liquid fire!
You are on fire!
You hit the bombardier beetle but do no damage.
The bombardier beetle is severely wounded.
The liquid fire burns you!
* * * LOW HITPOINT WARNING * * *
The bombardier beetle sprays incendiary fluid at you.
The burning spray hits you.
You are even more covered in liquid fire!
You slash the bombardier beetle!
You kill the bombardier beetle!
The liquid fire burns you!
* * * LOW HITPOINT WARNING * * *
Your Fighting skill increases to level 5!
Unknown command.
You are on fire!
It was a potion of brilliance.
You feel clever all of a sudden. The liquid fire burns you!
You die...

........#.#
#.#
####....#.#
#.#
........).#
#.#
####....######
#.#
##........# .#
#.######.###
#..........#
#........#
#...@....#
#......†#####
##.......
#......$.
#.........
#....$..#..
#.....>.....
###+#...# .#.


There were no monsters in sight!

Vanquished Creatures
  Sigmund (D:3)
  A bombardier beetle (D:4)
  A sleepcap (D:4)
  Natasha (thrice) (D:2)
  An orc wizard (D:3)
  3 adders
  2 ribbon worms (D:2)
  A dart slug (D:2)
  4 orcs
  4 endoplasms
  4 giant cockroaches
  4 goblins
  2 hobgoblins
  A jackal (D:4)
  3 ball pythons
  4 bats
  3 frilled lizards
  3 kobolds
  5 rats
50 creatures vanquished.

Notes
Turn   | Place    | Note
-------+----------+-------------------------------------------
     0 | D:1      | Peloso the Minotaur Fighter began the quest for the Orb.
     0 | D:1      | Reached XP level 1. HP: 19/19 MP: 0/0
   379 | D:1      | Reached XP level 2. HP: 26/27 MP: 1/1
   424 | D:1      | Found a faded altar of an unknown god.
   943 | D:2      | Noticed Natasha
   949 | D:2      | Killed Natasha
   950 | D:2      | Reached XP level 3. HP: 28/33 MP: 2/2
  1350 | D:2      | Noticed Natasha
  1362 | D:2      | Killed Natasha
  1363 | D:2      | Reached XP level 4. HP: 24/41 MP: 3/3
  1891 | D:2      | Noticed Natasha
  1901 | D:2      | Killed Natasha
  2004 | D:3      | Reached XP level 5. HP: 36/47 MP: 4/4
  2072 | D:3      | Found an opulent altar of Gozag.
  2459 | D:3      | Noticed Sigmund
  2476 | D:3      | Killed Sigmund
  2477 | D:3      | Reached skill level 5 in Armour
  2477 | D:3      | Reached skill level 1 in Dodging
  2477 | D:3      | Reached XP level 6. HP: 39/55 MP: 5/5
  3019 | D:3      | Found an ancient bone altar of Kikubaaqudgha.
  3184 | D:4      | HP: 1/55 [burnt (5)]
  3185 | D:4      | Reached skill level 5 in Fighting
  3185 | D:4      | Incinerated by a bombardier beetle

Illustrated notes

Levels and vault maps discovered:
D:1:      dpeg_arrival_castle, layout_loops_corners,
          shapermc_ecumenical_altar_venn
D:2:      layout_basic, grunt_decor_junction, uniq_natasha
D:3:      layout_basic, mainiacjoe_overflow_24_doors,
          lemuel_coloured_pillars_altar, uniq_sigmund
D:4:      minmay_evil_eye, layout_basic, trog_three_pillars_becter,
          jmf_multi_god_temple

Skill      XL: |  1  2  3  4  5  6 |
---------------+-------------------+-----
Fighting       | 4 5 |  5.2
Armour         | 4 5 |  5.6
Shields        | 4 |  4.9
Long Blades    | 3 4 |  4.8
Dodging        | 1 |  1.1
Stealth        | |  0.4
Evocations     | |  0.1

Action                     |  1- 3 |  4- 6 || total
---------------------------+-------+-------++-------
  Melee: Long sword        |    47 |   106 ||   153
         Headbutt          |     7 |    23 ||    30
  Evoke: Wand              |       |     1 ||     1
    Use: Scroll            |     4 |       ||     4
         Potion            |       |     3 ||     3
 Armour: Scale mail        |    29 |    69 ||    98
         Plate armour      |       |     5 ||     5
  Dodge: Dodged            |    13 |    43 ||    56
  Block: Buckler           |    12 |    27 ||    39
